 Dungeon Crawl Stone Soup version 0.23-a0-419-g0174fd80c1 (webtiles) character file.

151 LostNumber the Caller (level 5, -1/38 HPs)
             Began as a Mummy Summoner on Nov 12, 2018.
             Slain by a gnoll
             ... wielding a +0 spear
              (10 damage)
             ... on level 3 of the Dungeon.
             The game lasted 00:03:29 (3253 turns).

LostNumber the Caller (Mummy Summoner)              Turns: 3253, Time: 00:03:30

Health: -1/38      AC:  2    Str: 11    XL:     5   Next: 10%
Magic:  6/10       EV: 12    Int: 16    God:
Gold:   126        SH:  0    Dex: 12    Spells: 1/11 levels left

rFire    x . .     SeeInvis .   i - +2 spear (venom)
rCold    + . .     Gourm    .   (no shield)
rNeg     + + +     Faith    .   a - +0 robe
rPois    ∞         Spirit   .   (no helmet)
rElec    .         Reflect  .   (no cloak)
rCorr    .         Harm     .   (no gloves)
MR       .....                  (no boots)
Stlth    ++........             (no amulet)
HPRegen  0.12/turn              (no ring)
MPRegen  0.12/turn              (no ring)

@: no status effects
A: no food or potions, fire vulnerability, cold resistance 1, negative energy
resistance 3, torment resistance, unbreathing
a: no special abilities


You were on level 3 of the Dungeon.
You were not hungry.

You visited 1 branch of the dungeon, and saw 3 of its levels.

You collected 126 gold pieces.

Inventory:

Hand Weapons
 e - a +0 dagger
 g - a +0 spear
 i - a +2 spear of venom (weapon)
Armour
 a - a +0 robe (worn)
Scrolls
 b - a scroll of immolation {unknown}
 c - 4 scrolls of identify {unknown}
 d - 2 scrolls of amnesia {unknown}
 f - a scroll of fog {unknown}
 h - a scroll of magic mapping {unknown}
 j - a scroll of random uselessness {unknown}


   Skills:
 + Level 2.1 Fighting
 - Level 1.5 Dodging
 - Level 1.5 Stealth
 + Level 3.9 Spellcasting
 * Level 4.4 Summonings
 + Level 0.1 Ice Magic


You had one spell level left.
You knew the following spells:

 Your Spells              Type           Power        Failure   Level  Hunger
a - Summon Small Mammal   Summ           ###.         2%          1    N/A
b - Call Imp              Summ           ###.....     4%          2    N/A
c - Call Canine Familiar  Summ           ###.....     9%          3    N/A
d - Summon Ice Beast      Ice/Summ       ##......     54%         4    N/A

Your spell library contained the following spells:

 Spells                   Type           Power        Failure   Level  Hunger
 Summon Guardian Golem    Hex/Summ       ##......     21%         3    N/A
 Summon Lightning Spire   Summ/Air       ##......     56%         4    N/A

Dungeon Overview and Level Annotations

Branches:
Dungeon (3/15)

Altars:


Innate Abilities, Weirdness & Mutations

You do not eat or drink.
Your flesh is vulnerable to fire.
You are immune to poison.
Your flesh is cold resistant. (rC+)
You are immune to negative energy. (rN+++)
You are immune to unholy pain and torment.
You can survive without breathing.


Message History

You are too injured to fight recklessly!
You hit the gnoll.
The gnoll is poisoned.
The gnoll is almost dead.
You kill the gnoll!
Your hound bites the gnoll.
The gnoll hits you from afar with a +0 spear.
* * * LOW HITPOINT WARNING * * *
Your hound bites the gnoll.
Your white imp hits the gnoll but does no damage.
Your hound bites the gnoll.
The gnoll hits you from afar with a +0 spear.
* * * LOW HITPOINT WARNING * * *
Your white imp hits the gnoll but does no damage.
Unknown command.
Your hound bites the gnoll.
The gnoll dies!
Your white imp closely misses the gnoll.
Your hound bites the gnoll but does no damage.
The gnoll hits you from afar with a +0 spear!
You die...

#...........#
#...........# ###
#...........#
..########...........#
.................>...#
#.#.######...........##
..#.# #.............#
###†# ##.###.....##.#
###.# #)# #..@..# .#
....# #.# ####.###.#
##### #.# #.g.#.#
####)# ###h#.# #####
#.)).# #..5#.######
....# #.#####
#..5†$g..... ###.#
#.....# #...g.......
.##.#######.#
#........... .##.....#
#.# #............


You could see a gnoll, a friendly hound and a friendly white imp.

Vanquished Creatures
  An orc priest (D:3)
  Terence (D:2)
  2 gnolls
  An adder (D:3)
  A worm (D:3)
  A leopard gecko (D:3)
  3 orcs (D:3)
  3 bats
  5 giant cockroaches
  A goblin (D:2)
  A hobgoblin (D:3)
  A jackal (D:3)
  A ball python (D:2)
  A frilled lizard (D:3)
  2 kobolds
  7 rats
32 creatures vanquished.

Vanquished Creatures (collateral kills)
  An orc wizard (D:3)
  3 gnolls
  An ooze (D:1)
  A dart slug (D:1)
  A leopard gecko (D:2)
  3 orcs (D:3)
  2 goblins (D:1)
  2 hobgoblins (D:1)
  2 jackals (D:3)
  2 frilled lizards (D:1)
  2 rats
20 creatures vanquished.

Grand Total: 52 creatures vanquished

Notes
Turn   | Place    | Note
-------+----------+-------------------------------------------
     0 | D:1      | LostNumber the Mummy Summoner began the quest for the Orb.
     0 | D:1      | Reached XP level 1. HP: 13/13 MP: 4/4
   801 | D:1      | Reached XP level 2. HP: 16/20 MP: 3/5
   994 | D:1      | Learned a level 2 spell: Call Imp
  1484 | D:2      | Noticed Terence
  1689 | D:2      | Found a faded altar of an unknown god.
  2027 | D:2      | Killed Terence
  2027 | D:2      | Reached skill level 1 in Fighting
  2027 | D:2      | Reached XP level 3. HP: 7/26 MP: 0/7
  2263 | D:2      | Learned a level 3 spell: Call Canine Familiar
  2459 | D:2      | Reached skill level 4 in Summonings
  2793 | D:3      | Reached XP level 4. HP: 32/32 MP: 3/9
  3170 | D:3      | Reached XP level 5. HP: 35/38 MP: 3/10
  3198 | D:3      | Learned a level 4 spell: Summon Ice Beast
  3253 | D:3      | Slain by a gnoll

Vault maps used:
D:1:      evilmike_arrival_crescent
D:2:      chequers_ecumenical_altar_simple_redux, serial_bayou_crossing,
          uniq_terence
D:3:      kennysheep_big_flooded_room

Skill      XL: |  1  2  3  4 |
---------------+-------------+-----
Spellcasting   | 3 |  3.9
Fighting       | 1 2 |  2.1
Summonings     | 4 |  4.4
Dodging        | |  1.5
Stealth        | |  1.5
Ice Magic      | |  0.1

Action                   |  1- 3 |  4- 6 || total
-------------------------+-------+-------++-------
Melee: Unarmed           |    14 |       ||    14
       Dagger            |    25 |       ||    25
       Spear             |    54 |    41 ||    95
 Cast: Summon Small Mamm |     9 |       ||     9
       Call Imp          |    14 |     5 ||    19
       Call Canine Famil |     2 |     3 ||     5
 Stab: Sleeping          |     5 |       ||     5
Armor: Robe              |     8 |     3 ||    11
Dodge: Dodged            |    49 |    18 ||    67

Table legend:
 A = Non-vault XP
 B = Vault XP
 C = Vault XP percentage of total XP
 D = Non-vault monster count
 E = Vault monster count
 F = Vault count percentage of total count
                 A         B        C        D         E       F
            +---------+---------+-------+---------+---------+-------
      Total |     189 |      27 |  12.5 |      51 |       1 |   1.9
            +---------+---------+-------+---------+---------+-------
        D:1 |      19 |       0 |   0.0 |      12 |       0 |   0.0
        D:2 |      42 |      27 |  39.1 |      15 |       1 |   6.2
        D:3 |     128 |       0 |   0.0 |      24 |       0 |   0.0
            +---------+---------+-------+---------+---------+-------
